Map: Ascension to Aiur LE

Players

Juxtapose - Winner!

  • Race: Protoss Protoss
  • Spawn Location: 5:00

A.I. 1 (Harder)

  • Race: Zerg Zerg
  • Spawn Location: 11:00

VOD

Have the link to the VOD?

Description

Oops, I uploaded the wrong replay and have no idea how to delete it.

Time

  • Played on: May 18, 2017, 9:10 p.m.
  • Length: 6:14
Show
View Real Time Build Order
Export as new Build Order

Juxtapose Protoss - Winner!

Build Orders: Oracle Opening 

Get SALT Encoding   

  12  0:01  Probe (Chrono Boost)  
  13  0:12  Probe (Chrono Boost)  
  14  0:18  Pylon  
  14  0:22  Probe (Chrono Boost)  
  15  0:37  Probe (Chrono Boost)  
  15  0:40  Gateway  
  16  0:47  Probe (Chrono Boost)  
  17  0:52  Assimilator  
  17  0:58  Probe (Chrono Boost)  
  18  1:08  Pylon  
  18  1:09  Probe (Chrono Boost)  
  19  1:19  Probe (Chrono Boost)  
  19  1:25  Assimilator  
  20  1:28  Zealot  
  20  1:30  Probe (Chrono Boost)  
  23  1:35  Cybernetics Core  
  23  1:40  Probe (Chrono Boost)  
  24  1:51  Probe (Chrono Boost)  
  24  2:11  Zealot  
  24  2:15  Pylon  
  27  2:23  Stargate  
  27  2:26  Mothership Core (Chrono Boost)  
  28  3:06  Oracle  
  28  3:08  Nexus  
  28  3:10  Probe (Chrono Boost)  
  28  3:11  Pylon  
  32  3:14  Pylon  
  32  3:31  Forge  
  32  3:37  Oracle  
  32  3:38  Adept  
  37  4:04  Gateway  
  37  4:09  Twilight Council  
  37  4:12  Robotics Facility  
  37  4:28  Adept  
  39  4:47  Probe (Chrono Boost)  
  39  4:49  Probe (Chrono Boost)  
  41  4:58  Probe (Chrono Boost)  
  43  5:01  Probe (Chrono Boost)  
  43  5:08  Probe (Chrono Boost)  
  43  5:11  Photon Cannon  
  43  5:12  Photon Cannon  
  43  5:13  Probe (Chrono Boost)  
  45  5:19  Probe (Chrono Boost)  
  46  5:25  Probe (Chrono Boost), Adept  
  49  5:30  Probe (Chrono Boost)  
Show
View Real Time Build Order
Export as new Build Order

A.I. 1 (Harder) Zerg 

Build Orders: Pool First 

Get SALT Encoding   

  12  0:01  Drone  
  13  0:12  Overlord  
  13  0:16  Drone  
  14  0:30  Drone x2  
  16  0:42  Spawning Pool  
  15  0:45  Drone  
  15  0:49  Drone  
  17  0:52  Extractor  
  17  0:55  Drone  
  17  1:05  Overlord  
  17  1:31  Queen, Zergling x2  
  20  1:36  Zergling x2  
  20  1:38  Drone, Roach Warren  
  21  1:40  Extractor  
  20  1:49  Drone  
  21  1:59  Drone  
  22  2:10  Overlord  
  22  2:21  Drone  
  23  2:32  Roach  
  25  2:38  Roach, Drone  
  25  2:41  Overlord  
  25  2:44  Roach  
  30  2:54  Roach  
  32  3:05  Roach  
  34  3:10  Roach  
  34  3:12  Overlord  
  36  3:15  Roach  
  40  3:20  Roach  
  40  3:28  Roach  
  42  3:38  Roach, Baneling Nest  
  43  3:41  Drone  
  43  3:43  Evolution Chamber  
  43  3:46  Drone  
  44  3:49  Drone  
  44  3:54  Drone  
  46  4:01  Drone  
  47  4:11  Drone  
  47  4:13  Overlord  
  47  4:14  Drone  
  49  4:17  Drone  
  50  4:56  Baneling  
  50  4:59  Overlord  
  50  5:00  Lair, Zergling x2  
  50  5:04  Zergling x2  
  52  5:20  Baneling, Hatchery  
  51  5:39  Drone  
  52  5:43  Zergling x2  
  19  5:59  Drone  
  19  6:00  Drone x2  
Tags
 
Add a new tag
Caveats
  • Supply blocks, unpowered buildings, or Contaminate may cause inaccurate times.
  • Supply counts are checked every 10 seconds.